 Dungeon Crawl Stone Soup version 0.28-a0-1555-g9ae15a6949 (webtiles) character file.

Game seed: 872626342880095413

4740 Strat the Skirmisher (level 10, -1/88 HPs)
             Began as a Demigod Wanderer on Jan 18, 2022.
             Succumbed to a water moccasin's poison
             ... on level 1 of the Lair of Beasts.
             The game lasted 00:29:34 (15835 turns).

Strat the Skirmisher (Demigod Wanderer)            Turns: 15835, Time: 00:29:34

Health: -1/88      AC:  9    Str: 23    XL:     10   Next: 3%
Magic:  19/21      EV: 12    Int: 23    God:
Gold:   672        SH:  4    Dex: 13    Spells: 8/19 levels left

rFire   . . .      SeeInvis +   a - +2 morningstar (freeze)
rCold   + . .      Faith    .   C - +0 buckler
rNeg    . . .      Spirit   .   u - +1 leather armour {rC+}
rPois   +          Reflect  .   A - +0 helmet {SInv}
rElec   .          Harm     .   c - +1 cloak
rCorr   .          Rampage  .   B - +0 pair of gloves
Will    +....                   (no boots)
Stlth   ++........              (no amulet)
HPRegen 0.24/turn               w - ring of wizardry
MPRegen 0.17/turn               d - ring "Zuvipsen" {rPois Str+4 Int+6 Dex-3}

@: lethally poisoned (-1 -> -21)
A: high mp 1, forlorn, divine attributes
a: no special abilities


You were on level 1 of the Lair of Beasts.
You visited 2 branches of the dungeon, and saw 9 of its levels.

You collected 672 gold pieces.

Inventory:

Hand Weapons
 a - a +2 morningstar of freezing (weapon)
 b - a +0 hunting sling
Missiles
 g - 194 stones (quivered)
 h - 106 sling bullets
 m - 4 boomerangs
 n - a throwing net
 y - 5 javelins
 z - 5 curare-tipped darts
Armour
 c - a +1 cloak (worn)
 u - a +1 leather armour of cold resistance (worn)
 A - a +0 helmet of see invisible (worn)
 B - a +0 pair of gloves (worn)
 C - a +0 buckler (worn)
Jewellery
 d - the ring "Zuvipsen" (right hand) {rPois Str+4 Int+6 Dex-3}
   (You acquired it on level 6 of the Dungeon)

   [ring of intelligence]

   Str:       It affects your strength (+4).
   Int:       It affects your intelligence (+6).
   Dex:       It affects your dexterity (-3).
   rPois:     It protects you from poison.
 e - a ring of magical power
 q - a ring of protection from fire
 r - a +6 ring of strength
 s - a +6 ring of strength
 t - a +4 ring of protection
 w - a ring of wizardry (left hand)
Wands
 o - a wand of paralysis (8)
Scrolls
 f - 2 scrolls of fog
 j - a scroll of blinking
 p - a scroll of brand weapon
 v - a scroll of identify
 x - a scroll of magic mapping
Potions
 i - 3 potions of flight
 k - a potion of attraction
 l - 2 potions of invisibility
 D - a potion of cancellation {unknown}


   Skills:
 + Level 7.9 Fighting
 - Level 4.0 Maces & Flails
 - Level 1.7(1.9) Slings
 - Level 1.0(1.5) Throwing
 - Level 4.0 Armour
 - Level 3.0 Dodging
 - Level 1.7 Stealth
 + Level 1.7 Shields
 - Level 5.2 Spellcasting
 + Level 5.4 Hexes
 - Level 5.0 Summonings


You had 8 spell levels left.
You knew the following spells:

 Your Spells              Type           Power      Damage    Failure   Level
a - Summon Small Mammal   Summ           100%       N/A       1%          1
b - Call Canine Familiar  Summ           29%        N/A       2%          3
c - Confusing Touch       Hex            31%        N/A       1%          3
d - Cause Fear            Hex            15%        N/A       6%          4

Your spell library contained the following spells:

 Spells                   Type           Power      Damage    Failure   Level
 Dazzling Flash           Conj/Hex       36%        N/A       6%          3
 Inner Flame              Hex/Fire       18%        N/A       6%          3
 Portal Projectile        Hex/Tloc       36%        N/A       6%          3
 Gell's Gravitas          Tloc           6%         N/A       16%         3
 Lesser Beckoning         Tloc           6%         N/A       16%         3
 Teleport Other           Tloc           6%         N/A       16%         3
 Animate Armour           Summ/Erth      34%        N/A       21%         4
 Silence                  Hex/Air        9%         N/A       43%         5
 Yara's Violent Unravell  Hex/Tmut       9%         3d6       43%         5
 Passage of Golubria      Tloc           6%         N/A       45%         4
 Agony                    Necr           6%         N/A       80%         5
 Blade Hands              Tmut           3%         N/A       80%         5
 Excruciating Wounds      Necr           3%         N/A       80%         5
 Enfeeble                 Hex            15%        N/A       99%         7
 Discord                  Hex            15%        N/A       100%        8
 Lehudib's Crystal Spear  Conj/Erth      3%         10d2      100%        8


Dungeon Overview and Level Annotations

Branches:
Dungeon (8/15)             Temple (0/1) D:4            Lair (1/6) D:8

Shops:
D:2 *   D:4 *

Annotations:
D:8 Erica, Psyche


Innate Abilities, Weirdness & Mutations

You have an increased reservoir of magic. (+10% MP)
You shall have no god before yourself.
Your divine heritage dramatically boosts your attributes as you level up.


Message History

Your hands begin to glow red.
You feel very sick. You block the black mamba's attack.
The water moccasin bites you but does no damage.
The black mamba bites you!
* * * LOW HITPOINT WARNING * * *
Your hound closely misses the water moccasin.
The water moccasin bites you.
* * * LOW HITPOINT WARNING * * *
You hit the black mamba but do no damage.
The black mamba appears confused.
You feel very sick. The black mamba barely misses you.
Your hound bites the water moccasin but does no damage.
The water moccasin bites you.
* * * LOW HITPOINT WARNING * * *
Your hound completely misses the water moccasin.
The water moccasin bites you.
* * * LOW HITPOINT WARNING * * *
You catch the helpless black mamba completely off-guard!
You sock the black mamba! You freeze the black mamba.
The black mamba is heavily wounded.
You feel very sick. The black mamba bites you!
* * * LOW HITPOINT WARNING * * *
Your hound bites the water moccasin.
The water moccasin bites you.
* * * LOW HITPOINT WARNING * * *
Your hound bites the water moccasin.
You hit the black mamba. You freeze the black mamba.
The black mamba is heavily wounded.
You feel sick. The water moccasin bites you.
* * * LOW HITPOINT WARNING * * *
You are lethally poisoned!
The water moccasin poisons you!
Your hound closely misses the water moccasin.
The water moccasin misses you.
Your hound closely misses the water moccasin.
The black mamba bites you.
* * * LOW HITPOINT WARNING * * *
You die...

P........## ####### ##
..........## #.....# ####.
...........# #.....#####....
...........# ##..............
...........## #...............
............# #P.......###....
#....####.### ##.......†......
...........#######....♣♣.........
..#+..#.........@....≈≈..♣.......
##.....#.........h♣≈≈≈≈..........
..#...#........SS♣≈....≈≈≈≈.♣....
#.......#...##.#.≈..≈..≈≈.≈≈.♣...
..#.⌠.#..........≈.≈≈.≈.≈..≈.♣..P
#.....#.#.......≈≈...≈≈..≈≈≈.....
#.#.....#......♣≈≈..≈≈≈...≈≈.....
##......#.........≈≈...≈≈≈..≈≈♣..
#....#.#..........≈≈≈..≈≈...≈≈...


You could see a black mamba (confused), a water moccasin (ally target) and a
friendly hound (summoned, poisoned).

Vanquished Creatures
  5 yaks
  A wyvern (D:8)
  Menkaure (D:5)
  A steam dragon (D:7)
  2 water moccasins
  An ice beast (D:5)
  An orc warrior (D:6)
  2 sky beasts (D:7)
  A black bear (D:6)
  A centaur (D:6)
  6 bullfrogs
  A wyvern zombie (D:8)
  A gnoll sergeant (D:8)
  A wyvern skeleton (D:7)
  2 killer bees (D:7)
  7 wights
  2 jellies
  A centaur zombie (D:7)
  A hound (D:4)
  A bullfrog skeleton (D:6)
  An orc priest (D:4)
  2 iguanas
  A killer bee zombie (D:7)
  A hound skeleton (D:5)
  3 gnolls
  6 adders
  A howler monkey skeleton (D:7)
  An ufetubus (D:7)
  3 worms
  5 dart slugs
  7 orcs
  4 endoplasms
  3 giant cockroaches
  12 goblins
  9 hobgoblins
  3 jackals (D:2)
  5 quokkas
  5 ball pythons
  8 bats
  3 frilled lizards (D:1)
  5 kobolds
  5 rats
132 creatures vanquished.

Vanquished Creatures (collateral kills)
  Sigmund (D:4)
  A water moccasin (D:6)
  A necrophage (D:6)
  A sky beast (D:7)
  A black bear (D:5)
  An ice beast (D:7)
  A hornet zombie (D:5)
  A centaur (D:6)
  A phantom (D:4)
  A bullfrog (D:8)
  3 scorpions (D:5)
  A killer bee (D:6)
  2 wights
  A centaur zombie (D:8)
  A bullfrog zombie (D:5)
  A bullfrog skeleton (D:5)
  Ijyb (D:4)
  An iguana (D:4)
  An orc wizard (D:4)
  3 gnolls
  A howler monkey zombie (D:6)
  2 adders
  An adder skeleton (D:5)
  A worm (D:2)
  7 orcs
  An endoplasm (D:2)
  2 hobgoblins
  A kobold (D:4)
41 creatures vanquished.

Vanquished Creatures (others)
  An adder (D:6)
  3 fungi
4 creatures vanquished.

Grand Total: 177 creatures vanquished

Notes
Turn   | Place    | Note
-------+----------+-------------------------------------------
     0 | D:1      | Strat the Demigod Wanderer began the quest for the Orb.
     0 | D:1      | Strat set off with the following items: a +0 hunting sling,
                  | 20 sling bullets, a +0 cloak, a +0 robe; and the following
                  | spell memorised: Summon Small Mammal; and the following
                  | spells available to memorise: Call Canine Familiar, Animate
                  | Armour
     0 | D:1      | Reached XP level 1. HP: 14/14 MP: 4/4
   398 | D:1      | Reached skill level 1 in Fighting
   402 | D:1      | Reached XP level 2. HP: 11/23 MP: 5/5
  1385 | D:2      | Found Beles's General Store.
  1613 | D:2      | Reached skill level 1 in Dodging
  1613 | D:2      | Reached XP level 3. HP: 25/28 MP: 3/6
  2400 | D:2      | Reached skill level 2 in Fighting
  2682 | D:2      | Learned a level 3 spell: Call Canine Familiar
  3516 | D:3      | Reached XP level 4. HP: 36/36 MP: 8/8
  4386 | D:3      | You fall into a shaft and drop 2 floors!
  4386 | D:5      | Entered Level 5 of the Dungeon
  4386 | D:5      | Noticed Menkaure
  4403 | D:5      | Reached XP level 5. HP: 41/41 MP: 5/10
  4417 | D:5      | Noticed an ice beast
  4444 | D:5      | Killed an ice beast
  4603 | D:5      | Reached XP level 6. HP: 41/48 MP: 9/12
  4666 | D:5      | Reached skill level 5 in Summonings
  4815 | D:5      | Learned a level 3 spell: Confusing Touch
  5237 | D:4      | Found a staircase to the Ecumenical Temple.
  5406 | D:4      | Reached skill level 1 in Hexes
  6023 | D:4      | Reached XP level 7. HP: 34/55 MP: 13/16
  6145 | D:4      | Found Yghig's Assorted Antiques.
  6390 | D:4      | Noticed Ijyb
  6545 | D:4      | Noticed Sigmund
  6604 | D:4      | Killed Sigmund
  6716 | D:4      | Paralysed by Ijyb for 6 turns
  6732 | D:4      | Killed Ijyb
  7597 | D:5      | Reached skill level 5 in Spellcasting
  7671 | D:5      | Killed Menkaure
  7672 | D:5      | Reached XP level 8. HP: 23/61 MP: 13/19
  8334 | D:6      | Reached skill level 1 in Armour
  8862 | D:6      | Reached skill level 3 in Fighting
  8862 | D:6      | Reached skill level 5 in Hexes
  9223 | D:6      | Identified a scroll of acquirement
  9223 | D:6      | Acquired the ring "Zuvipsen" {rPois Str+4 Int+6 Dex-3}
  9435 | D:6      | Reached skill level 4 in Fighting
 10664 | D:7      | Reached skill level 1 in Maces & Flails
 10664 | D:7      | Reached XP level 9. HP: 22/72 MP: 16/20
 10996 | D:7      | Reached skill level 5 in Fighting
 12068 | D:5      | Reached skill level 6 in Fighting
 12582 | D:7      | Learned a level 4 spell: Cause Fear
 12600 | D:7      | Reached skill level 7 in Fighting
 13575 | D:8      | Noticed Psyche
 14232 | D:8      | Noticed a death yak
 14270 | D:8      | Noticed a death yak
 14288 | D:8      | Noticed a death yak
 14958 | D:8      | Reached skill level 1 in Shields
 15102 | D:8      | Noticed Erica
 15232 | D:8      | Found a staircase to the Lair.
 15238 | Lair:1   | Entered Level 1 of the Lair of Beasts
 15566 | Lair:1   | Reached XP level 10. HP: 88/88 MP: 21/21
 15681 | Lair:1   | Noticed a black mamba
 15834 | Lair:1   | HP: 3/88 [black mamba (3)]
 15835 | Lair:1   | Succumbed to a water moccasin's poison

Illustrated notes

Levels and vault maps discovered:
D:1:      dpeg_arrival_arbitrary_a, layout_loops_ring, nrook_campfire
D:2:      layout_loops_corners, serial_shops, nicolae_shop_behind_doors
D:3:      layout_loops_ring, mainiacjoe_overflow_cross_hatched
D:4:      layout_gridville, grunt_dithmenos_smoke,
          minmay_temple_entry_stoned_glass, serial_shops, shop, uniq_sigmund,
          uniq_ijyb
D:5:      layout_cave_pools, abandoned_shop, uniq_menkaure
D:6:      layout_basic, zin_treasury, nemelex_xobeh_ov_fountains_minmay,
          serial_glass, glass_columns_a, glass_columns_b, glass_columns_b,
          glass_columns_a, kennysheep_diamond, kennysheep_big_empty_room
D:7:      layout_basic, mainiacjoe_overflow_catwalk, nicolae_water_bricks
D:8:      layout_gridville, dpeg_lair_monsters, uniq_psyche, uniq_erica,
          uniq_maggie, uniq_harold
Lair:1:   layout_gridlike, nicolae_quartered_pool_medium, grunt_megastairs_1

Skill      XL: |  1  2  3  4  5  6  7  8  9 |
---------------+----------------------------+-----
Fighting       | 1 2 4 7 |  7.9
Summonings     | 4 5 |  5.0
Dodging        | 1 2 3 |  3.0
Spellcasting   | 2 3 5 |  5.2
Hexes          | 2 4 5 |  5.4
Armour         | 4 |  4.0
Maces & Flails | 1 4 |  4.0
Shields        | 1 |  1.7
Slings         | |  1.7
Throwing       | |  1.0
Stealth        | |  1.7

Action                   |  1- 3 |  4- 6 |  7- 9 | 10-12 || total
-------------------------+-------+-------+-------+-------++-------
Melee: Dagger            |    59 |       |       |       ||    59
       Short sword       |   125 |   196 |   235 |       ||   556
       Punch             |     3 |     1 |     5 |       ||     9
       Morningstar       |       |       |   183 |    13 ||   196
 Fire: Hunting sling     |     9 |     8 |     6 |       ||    23
 Cast: Summon Small Mamm |     3 |       |       |       ||     3
       Call Canine Famil |     1 |    14 |    34 |     1 ||    50
       Confusing Touch   |       |       |    46 |     1 ||    47
Evoke: Wand              |       |       |     3 |       ||     3
  Use: Scroll            |       |    13 |     8 |       ||    21
       Potion            |       |       |     7 |       ||     7
 Stab: Sleeping          |     9 |     1 |     3 |     1 ||    14
       Distracted        |     1 |     2 |     1 |     1 ||     5
       Confused          |       |       |    19 |     1 ||    20
       Paralysed         |       |       |    10 |       ||    10
       Invisible         |       |       |     1 |       ||     1
Armor: Robe              |    43 |     5 |       |       ||    48
       Leather armour    |       |    45 |   157 |     3 ||   205
Dodge: Dodged            |    95 |   121 |   336 |    10 ||   562
Block: Buckler           |       |       |     3 |     4 ||     7

Table legend: (Time is in decaauts)
 A = Elapsed time spent in this place.
 B = Non-inter-level travel time spent in this place.
 C = Inter-level travel time spent in this place.
 D = Time resting spent in this place.
 E = Time spent auto-exploring this place.
 F = Levels seen in this place.
 G = Mean time per level.
                   A        B        C        D        E       F      G
               +--------+--------+--------+--------+--------+-----+--------+
         Total |  15973 |  15508 |    465 |   6657 |   5737 |   9 | 1774.8 |
       Dungeon |  15369 |  14904 |    465 |   6309 |   5573 |   8 | 1921.1 |
          Lair |    604 |    604 |      0 |    348 |    164 |   1 |  604.0 |
               +--------+--------+--------+--------+--------+-----+--------+

Top non-repeatable levels by time:
     D:6: 2995 daAuts
     D:7: 2592 daAuts
     D:4: 2065 daAuts
     D:2: 1867 daAuts
     D:3: 1668 daAuts
     D:5: 1523 daAuts
     D:1: 1336 daAuts
     D:8: 1320 daAuts
  Lair:1: 604 daAuts
